 Dungeon Crawl Stone Soup version 0.29.1-1-gd02db6906a (webtiles) character file.

Game seed: 2952323214656369144

8116 writerjack the Severer (level 11, -9/101 HPs)
             Began as a Minotaur Berserker on Sept 27, 2022.
             Was an Elder of Trog.
             Mangled by an orc warrior
             ... wielding a +0 dire flail
             ... led by an orc knight
              (12 damage)
             ... while paralysed by an orc sorcerer
             ... on level 1 of the Orcish Mines on Oct 13, 2022.
             The game lasted 00:21:15 (11672 turns).

writerjack the Severer (Minotaur Berserker)        Turns: 11672, Time: 00:21:16

Health: -9/101     AC: 16    Str: 27    XL:     11   Next: 5%
Magic:  10/10      EV:  2    Int:  7    God:    Trog [****..]
Gold:   355        SH:  0    Dex: 13    Spells: 10/10 levels left

rFire   + . .      SeeInvis .   P - +4 battleaxe
rCold   . . .      Faith    .   (shield currently unavailable)
rNeg    . . .      Spirit   .   J - +0 plate armour
rPois   .          Reflect  .   (helmet restricted)
rElec   .          Harm     .   (no cloak)
rCorr   .          Rampage  .   C - +0 pair of gloves
Will    .....                   A - +0 pair of boots
Stlth   ..........              (no amulet)
HPRegen 0.26/turn               s - +4 ring of evasion
MPRegen 0.12/turn               y - ring of Jucawn {rF+ EV+4 Int+3 Dex+4}

@: paralysed, on berserk cooldown
A: horns 2, retaliatory headbutt
a: Renounce Religion, Berserk, Trog's Hand, Brothers in Arms


You were on level 1 of the Orcish Mines.
You worshipped Trog.
Trog was greatly pleased with you.
You visited 2 branches of the dungeon, and saw 12 of its levels.

You collected 558 gold pieces.
You spent 203 gold pieces at shops.

Inventory:

Hand Weapons
 P - a +4 battleaxe (weapon)
Missiles
 e - 8 boomerangs (quivered)
 K - 2 throwing nets
Armour
 h - +0 swamp dragon scales
 A - a +0 pair of boots (worn)
 C - a +0 pair of gloves (worn)
 G - a +0 kite shield
 J - a +0 plate armour (worn)
Magical Staves
 t - a staff of conjuration
Jewellery
 s - a +4 ring of evasion (left hand)
 w - a ring of ice
 y - the ring of Jucawn (right hand) {rF+ EV+4 Int+3 Dex+4}
   (You found it on level 4 of the Dungeon)

   [ring of evasion]

   EV:        It affects your evasion (+4).
   Int:       It affects your intelligence (+3).
   Dex:       It affects your dexterity (+4).
   rF:        It protects you from fire.
 D - a ring of protection from cold
 O - a ring of willpower
Wands
 r - a wand of acid (12)
Scrolls
 a - a scroll of enchant armour {unknown}
 d - 6 scrolls of teleportation
 f - 2 scrolls of noise
 k - a scroll of blinking {unknown}
 n - a scroll of poison {unknown}
 q - a scroll of vulnerability {unknown}
 u - a scroll of fog {unknown}
 I - 2 scrolls of magic mapping
 M - a scroll of immolation {unknown}
 N - a scroll of acquirement {unknown}
Potions
 b - a potion of might {unknown}
 c - 2 potions of haste
 i - 4 potions of curing
 m - 2 potions of lignification
 p - 2 potions of mutation
 x - a potion of magic
 z - 2 potions of degeneration
 B - a potion of flight {unknown}


   Skills:
 + Level 10.3 Fighting
 - Level 16.0 Axes
 * Level 8.7 Armour
 - Level 2.6 Dodging


You had 10 spell levels left.
You didn't know any spells.
Your spell library was empty.

Dungeon Overview and Level Annotations

Branches:
Dungeon (10/15)            Temple (0/1) D:6             Orc (2/2) D:9
   Lair: D:8-11         Elf: Orc:2

Altars:
Kikubaaqudgha
Makhleb
Nemelex Xobeh
Zin

Shops:
D:5 *   D:6 :


Innate Abilities, Weirdness & Mutations

You have a pair of horns on your head.
You reflexively headbutt those who attack you in melee.


Message History

The warg is severely wounded.
The warg bites you!
An orc warrior comes into view. It is wielding a +0 dire flail.
You hit the warg. Your headbutt misses the warg.
The warg is almost dead.
The warg barely misses you.
The orc sorcerer gestures at you while chanting.
You resist with significant effort. The warg completely misses you.
The orc sorcerer gestures wildly while chanting.
The warg bites you but does no damage. The orc knight barely misses you.
The warg bites you.
You climb downwards.
There is a stone staircase leading up here.
You hit the warg.
You kill the warg!
Trog accepts your kill.
You closely miss the orc knight.
The orc knight hits you with a +3 battleaxe!!
* * * LOW HITPOINT WARNING * * *
The orc knight misses you.
As you read the scroll of fear, it crumbles to dust.
You assume a fearsome visage.
The orc knight looks frightened!
You feel much better. The two-headed ogre closely misses you.
You furiously retaliate!
You headbutt the two-headed ogre!
The two-headed ogre hits you with a +0 giant club!
* * * LOW HITPOINT WARNING * * *
The two-headed ogre misses you. You furiously retaliate!
You headbutt the two-headed ogre!
The two-headed ogre hits you with a +0 giant club.
* * * LOW HITPOINT WARNING * * *
There is a stone staircase leading up, spattered with blood here.
You feel yourself speed up.
The two-headed ogre hits you with a +0 giant club!
* * * LOW HITPOINT WARNING * * *
The two-headed ogre misses you.
You climb upwards.
The orc warrior barely misses you.
The orc sorcerer points at you and mumbles some strange words.
You suddenly lose the ability to move!
The orc warrior hits you with a +0 dire flail!
You die...

#.#........#...)).......
#.........#....#....#....
##..............#....#.#.#
#.........................
##.#.).....)...........#.#.
.####.).......#.......#....
..#.....)....4.......#....
........)[.....O.o.......#
.........$.....o@......##
........................#
.....................#.##
....#....##......[)[#...#
...............#.#$[.#.##
................###.####
.^..............# ...#
......#.......... ...#
.......#. ...... ...##


You could see a two-headed ogre, an orange demon (summoned), an orc sorcerer and
an orc warrior.

Vanquished Creatures
  Amaemon (D:8)
  An orc knight (Orc:1)
  3 orc sorcerers (Orc:1)
  Joseph (D:9)
  An orange demon (D:8)
  Maggie (D:8)
  2 trolls (D:9)
  Grinder (D:5)
  A wyvern (D:8)
  2 steam dragons
  Menkaure (D:8)
  5 wargs
  A black bear (D:4)
  8 orc warriors
  A sky beast (D:8)
  An ice beast (D:6)
  3 ogres
  A centaur (D:6)
  2 kobold brigands
  Blork the orc (D:6)
  A bullfrog (D:8)
  2 gnoll sergeants (D:8)
  A necrophage (D:3)
  3 scorpions
  3 wights (D:8)
  3 hounds
  6 orc priests
  4 jellies
  3 gnoll boudas
  9 orc wizards
  3 iguanas
  18 gnolls
  7 adders
  3 white imps
  4 dart slugs
  33 orcs
  8 bats
  2 endoplasms (D:2)
  5 giant cockroaches
  5 goblins
  3 hobgoblins
  5 jackals
  9 kobolds
  5 quokkas
  12 ball pythons
  5 frilled lizards
  6 rats
206 creatures vanquished.

Vanquished Creatures (others)
  14 fungi (D:5)
  4 plants (D:8)
18 creatures vanquished.

Grand Total: 224 creatures vanquished

Notes
Turn   | Place    | Note
-------+----------+-------------------------------------------
     0 | D:1      | writerjack the Minotaur Berserker began the quest for the
                  | Orb.
     0 | D:1      | Reached XP level 1. HP: 19/19 MP: 0/0
   180 | D:1      | Reached XP level 2. HP: 27/27 MP: 1/1
   432 | D:1      | Reached skill level 4 in Axes
   436 | D:1      | Reached ** piety under Trog
   569 | D:1      | Reached XP level 3. HP: 33/33 MP: 2/2
   780 | D:2      | Found an ancient bone altar of Kikubaaqudgha.
  1528 | D:2      | Found a faded altar of an unknown god.
  1534 | D:2      | Reached skill level 5 in Axes
  1606 | D:2      | Reached XP level 4. HP: 40/40 MP: 3/3
  2135 | D:4      | Noticed a necrophage
  2360 | D:4      | Identified the ring of Jucawn {rF+ EV+4 Int+3 Dex+4}
  2666 | D:3      | Reached skill level 6 in Axes
  2763 | D:3      | Reached XP level 5. HP: 40/46 MP: 4/4
  2767 | D:3      | Reached skill level 7 in Axes
  3804 | D:4      | Reached XP level 6. HP: 42/52 MP: 5/5
  3877 | D:4      | Reached skill level 8 in Axes
  3946 | D:4      | Reached *** piety under Trog
  4252 | D:4      | Reached XP level 7. HP: 57/60 MP: 6/6
  4256 | D:5      | Entered Level 5 of the Dungeon
  4366 | D:4      | Reached skill level 5 in Fighting
  4366 | D:4      | Reached skill level 9 in Axes
  4608 | D:5      | Found Vananois's General Store.
  4616 | D:5      | Noticed Grinder
  4617 | D:5      | Bought a potion of heal wounds for 70 gold pieces
  4617 | D:5      | Bought a scroll of identify for 28 gold pieces
  4617 | D:5      | Bought a potion of curing for 42 gold pieces
  4617 | D:5      | Bought a +0 kite shield for 63 gold pieces
  4617 | D:5      | Paralysed by Grinder for 2 turns
  4635 | D:5      | Killed Grinder
  4680 | D:5      | Reached skill level 10 in Axes
  5046 | D:6      | Noticed Blork the orc
  5053 | D:6      | Killed Blork the orc
  5054 | D:6      | Reached XP level 8. HP: 65/70 MP: 7/7
  5483 | D:6      | Found a sparkling altar of Nemelex Xobeh.
  5644 | D:6      | Found Utewieq's Book Emporium.
  5648 | D:6      | Found a staircase to the Ecumenical Temple.
  5769 | D:6      | Reached skill level 11 in Axes
  6446 | D:7      | Noticed Menkaure
  6461 | D:8      | Killed Menkaure
  7237 | D:8      | Reached skill level 12 in Axes
  7674 | D:7      | Reached XP level 9. HP: 23/81 MP: 8/8
  8372 | D:9      | Noticed Joseph
  8549 | D:8      | Reached **** piety under Trog
  8635 | D:8      | Reached skill level 13 in Axes
  9075 | D:8      | Noticed Maggie
  9086 | D:8      | Killed Maggie
  9087 | D:8      | Reached skill level 14 in Axes
  9371 | D:8      | Noticed Amaemon
  9371 | D:8      | Noticed an orange demon
  9385 | D:8      | Killed Amaemon
  9386 | D:8      | Reached skill level 15 in Axes
  9389 | D:8      | Killed an orange demon
  9390 | D:8      | Reached XP level 10. HP: 90/90 MP: 9/9
 10173 | D:9      | Killed Joseph
 10732 | D:9      | Found a burning altar of Makhleb.
 10737 | D:9      | Found a glowing silver altar of Zin.
 10738 | D:9      | Noticed an angel
 10738 | D:9      | Noticed a cacodemon
 10852 | D:10     | Entered Level 10 of the Dungeon
 10917 | D:9      | Reached skill level 16 in Axes
 11143 | D:9      | Found a staircase to the Orcish Mines.
 11150 | D:9      | Reached skill level 5 in Armour
 11203 | Orc:1    | Entered Level 1 of the Orcish Mines
 11269 | Orc:2    | Entered Level 2 of the Orcish Mines
 11269 | Orc:2    | Noticed a two-headed ogre
 11470 | Orc:1    | Noticed an orc sorcerer
 11474 | Orc:1    | Noticed a rust devil
 11476 | Orc:1    | Noticed a rust devil
 11476 | Orc:1    | Killed an orc sorcerer
 11632 | Orc:1    | Noticed an orc knight
 11636 | Orc:1    | Noticed an orc sorcerer
 11643 | Orc:1    | Killed an orc knight
 11644 | Orc:1    | Reached skill level 10 in Fighting
 11649 | Orc:1    | Noticed an orc sorcerer
 11650 | Orc:1    | Killed an orc sorcerer
 11654 | Orc:1    | Noticed an orc knight
 11655 | Orc:1    | Noticed an orc sorcerer
 11656 | Orc:1    | Killed an orc sorcerer
 11657 | Orc:1    | Reached XP level 11. HP: 40/101 MP: 10/10
 11662 | Orc:2    | HP: 5/101 [orc knight/+3 battleaxe (27)]
 11671 | Orc:2    | HP: 2/101 [two-headed ogre/+0 giant club (12)]
 11672 | Orc:1    | Paralysed by an orc sorcerer for 5 turns
 11672 | Orc:1    | Mangled by an orc warrior

Illustrated notes

Levels and vault maps discovered:
D:1:      amcnicky_arrival_single_pillar, layout_basic
D:2:      layout_loops_corners, nicolae_ecumenical_snake_handling, basic_altar
D:3:      layout_loops_cross
D:4:      layout_cave_pools
D:5:      layout_basic, enter_ossuary_5, serial_aquarium,
          aquarium_bridge_long_joined [aquarium_subvault_wall,
          aquarium_subvault_wall, aquarium_subvault_window,
          aquarium_subvault_bridge, aquarium_subvault_window,
          aquarium_subvault_bridge], aquarium_window_corridor_1,
          aquarium_window_2, aquarium_window_1, aquarium_window_2,
          aquarium_view_4, aquarium_pool_1, serial_shops, shop,
          roderic_lattice_a, uniq_grinder
D:6:      layout_cave_pools, nemelex_diamond_rough_becter,
          minmay_temple_entry_proselytizer, serial_rivers,
          chequers_serial_rivers_small_3, chequers_serial_rivers_large_a,
          chequers_serial_rivers_micro_b, chequers_serial_rivers_room_b,
          chequers_serial_rivers_micro_a, chequers_serial_rivers_small_3,
          serial_shops, nicolae_shop_trees, uniq_blork_the_orc
D:7:      layout_loops_ring, nicolae_lava_and_water, uniq_menkaure,
          uniq_crazy_yiuf_cottage
D:8:      minmay_general_purpose_star, layout_gridville, nicolae_hexahallways,
          grunt_ministairs_9, nicolae_grassy_gnolls, uniq_maggie, uniq_amaemon
D:9:      layout_cave_pods, grunt_temple_overflow_order_and_chaos_2,
          minmay_orc_entry_guard_dogs, uniq_joseph
D:10:     minmay_octagon_keep, layout_long_grid, fedhas_altar_3,
          kiku_gazebo_garden_becter, nicolae_qazlal_general_emergency,
          nicolae_looking_at_the_future
Orc:1:    layout_caves, gammafunk_ghost_wrathful_warriors
Orc:2:    st_orc_open, layout_diamond_mine

Skill      XL: |  1  2  3  4  5  6  7  8  9 10 |
---------------+-------------------------------+-----
Fighting       | 4 6 7 8 10 | 10.3
Axes           | 4 5 6 7 8 10 12 15 16 | 16.0
Armour         | 3 8 |  8.7
Dodging        | |  2.6

Action                   |  1- 3 |  4- 6 |  7- 9 | 10-12 || total
-------------------------+-------+-------+-------+-------++-------
Melee: Hand axe          |    86 |    21 |       |       ||   107
       Headbutt          |     9 |     9 |    44 |    31 ||    93
       Punch             |     1 |       |     4 |       ||     5
       War axe           |       |    61 |   174 |       ||   235
       Battleaxe         |       |       |    15 |   100 ||   115
Invok: Berserk           |       |     2 |     3 |     2 ||     7
       Trog's Hand       |       |       |     2 |       ||     2
       Brothers in Arms  |       |       |     1 |       ||     1
  Use: Scroll            |       |     6 |     5 |     2 ||    13
       Potion            |       |       |     2 |     1 ||     3
Armor: Animal skin       |    19 |       |       |       ||    19
       Leather armour    |     3 |    16 |    17 |       ||    36
       Plate armour      |       |       |    35 |    34 ||    69
       Chain mail        |       |       |    10 |       ||    10
Dodge: Dodged            |    77 |    98 |   170 |    80 ||   425
